 Zot Defence DCSS version 0.15.2 (webtiles) character file.

49 sexinstructor the Cudgeler (level 3, 0/34 HPs)
             Began as a Minotaur Berserker on Apr 3, 2018.
             Was a Follower of Trog.
             Slain by a goblin
             ... wielding a +0 club
              (1 damage)
             ... in the Realm of Zot (Scenario I: Hall of Zot).
             The game lasted 00:04:57 (443 turns).

sexinstructor the Cudgeler (Minotaur Berserker)      Turns: 443, Time: 00:04:59

HP   0/34        AC  2     Str 22      XL: 3   Next: 51%
MP   2/2         EV 12     Int  4      God: Trog [*.....]
Gold 0           SH  0     Dex  9      Spells:  0 memorised,  2 levels left

rFire  . . .     SeeInvis .     a - +0 mace
rCold  . . .     Clarity  .     b - +0 animal skin
rNeg   . . .     rCorr    .     (no shield)
rPois  .         rRot     .     (helmet restricted)
rElec  .         Spirit   .     (no cloak)
SustAb .         Warding  .     (no gloves)
rMut   .         Stasis   .     (no boots)
Gourm  .                        (no amulet)
MR     .....                    (no ring)
                                (no ring)

@: not resistant to hostile enchantments, very unstealthy
A: retaliatory headbutt, horns 2
a: Make oklob sapling, Make arrow trap, Burn Spellbooks, Berserk, Renounce
Religion


You were in the Realm of Zot.
You worshipped Trog.
Trog was aware of your devotion.
You were not hungry.

You visited 1 branch

Inventory:

Hand weapons
 a - a +0 mace (weapon)
Armour
 b - a +0 animal skin (worn)
Comestibles
 d - a bread ration
Scrolls
 i - a scroll of blinking
Potions
 c - 3 potions of curing
 e - a potion of heal wounds
 f - a potion of haste
 g - 2 potions of magic
 h - a potion of berserk rage


   Skills:
 + Level 4.5 Fighting
 + Level 4.6 Maces & Flails
 + Level 2.7 Armour
 + Level 2.2 Dodging


You had 2 spell levels left.
You didn't know any spells.

Dungeon Overview and Level Annotations

Branches:
    Zot (1/1)

Altars:


Innate Abilities, Weirdness & Mutations

You reflexively headbutt those who attack you in melee.
You have a pair of horns on your head.


Message History

Skail hits you. Skail hits you! The goblin barely misses you.
The kobold barely misses you. You furiously retaliate!
You headbutt the kobold.
You kill the kobold!
Trog accepts your kill.
Your oklob sapling spits acid at Skail.
The splash of acid hits Skail.
You hit Skail.
Skail is heavily wounded.
Skail barely misses you. You furiously retaliate!
You headbutt Skail. Skail hits you.
* * * LOW HITPOINT WARNING * * *
Your oklob sapling spits acid at Skail.
The splash of acid hits Skail.
You catch Skail momentarily off-guard.
You hit Skail. Your headbutt misses Skail.
Skail is severely wounded.
Skail hits you!
* * * LOW HITPOINT WARNING * * *
The goblin hits you with a club.
You die...

▓▓▓▓▓▓▓▓ ▓▓▓▓▓▓▓▓ ....▓▓▓▓
▓▓▓▓.... .......▓▓▓ ▓▓▓.......
.........▓▓ ▓▓.........
..........▓ ▓▓▓▓▓▓▓▓▓ ▓..........
..........▓▓▓.......▓▓▓..........
..........▓▓.........▓▓..........
..........▓....P%.....▓..........
..........%....c@)g.%.^..........
..........▓....gg.....▓..........
..........▓▓.........▓▓..........
..........▓▓▓.......▓▓▓..........
..........# ▓▓▓▓▓▓▓▓▓ #..........
.........## ##.........
.......### ###....... ....####
####.... ######### #########


You could see Skail the centaur (bleeding), 3 goblins and a friendly oklob
sapling.

Vanquished Creatures
  2 oozes (Zot)
  A ball python (Zot)
  3 goblins (Zot)
  4 bats (Zot)
  A giant cockroach (Zot)
  4 giant newts (Zot)
  4 kobolds (Zot)
  2 rats (Zot)
21 creatures vanquished.

Vanquished Creatures (collateral kills)
  A giant cockroach (Zot)
  A goblin (Zot)
  A bat (Zot)
3 creatures vanquished.

Vanquished Creatures (others)
  A rat (Zot)
1 creature vanquished.

Grand Total: 25 creatures vanquished

Notes
Turn   | Place    | Note
--------------------------------------------------------------
     0 | Zot      | sexinstructor, the Minotaur Berserker, began the quest for the Orb.
     0 | Zot      | Reached XP level 1. HP: 19/19 MP: 1/1
   223 | Zot      | Reached skill level 4 in Maces & Flails
   227 | Zot      | Reached XP level 2. HP: 21/27 MP: 1/1
   343 | Zot      | Reached XP level 3. HP: 29/33 MP: 2/2
   434 | Zot      | Noticed Skail
   443 | Zot      | HP: 1/34 [Skail the centaur (8)]
   443 | Zot      | Slain by a goblin

Action                   || total
-------------------------++-------
Melee: Mace              ||    40
 Abil: Make oklob saplin ||     1
       Make arrow trap   ||     1
 Stab: Distracted        ||     2
